 Dungeon Crawl Stone Soup version 0.31-a0-1010-g5322dac6a2 (webtiles) character file.

Game seed: 15648710865131635029

11203 Anon1729 the Fighter (level 11, -13/100 HPs)
             Began as a Minotaur Monk on Nov 16, 2023.
             Was a High Priest of Okawaru.
             Killed from afar by Jorgrun (24 damage)
             ... with an iron shot
             ... while petrified by Jorgrun
             ... on level 12 of the Dungeon.
             The game lasted 00:11:49 (10228 turns).

Anon1729 the Fighter (Minotaur Monk)               Turns: 10228, Time: 00:11:49

Health: -13/100    AC: 17    Str: 14 (16) XL:     11   Next: 46%
Magic:  0/14       EV: -1    Int:  5 (7)  God:    Okawaru [*****.]
Gold:   1049       SH:  0    Dex: 16 (17) Spells: 10/10 levels left

rFire   + . .        F - +3 scimitar (freeze)
rCold   + . .        t - +0 kite shield
rNeg    + + +        B - +0 acid dragon scales
rPois   ∞            h - +2 hat
rElec   +            y - +0 cloak
rCorr   +            (no gloves)
SInv    .            m - +0 pair of boots
Will    .....        j - amulet of guardian spirit
Stlth   +            E - +4 ring of protection
HPRegen 0.36/turn    (no ring)
MPRegen 0.14/turn

%: guardian spirit
@: resistant, petrified, grasped by roots, constricted
A: horns 2, retaliatory headbutt
a: Renounce Religion, Heroism, Finesse, Duel


You were on level 12 of the Dungeon.
You worshipped Okawaru.
Okawaru was extremely pleased with you.
You visited 1 branch of the dungeon, and saw 12 of its levels.

You collected 1049 gold pieces.

Inventory:

Hand Weapons
 C - the +3 battleaxe of Diet Blood {flame, Fly rPois Str+8 Dex-5}
   (You found it on level 5 of the Dungeon)

   Str+8:     It affects your strength (+8).
   Dex-5:     It affects your dexterity (-5).
   rPois:     It protects you from poison Fly: It grants you flight.
 F - a +3 scimitar of freezing (weapon)
Armour
 h - a +2 hat (worn)
 m - a +0 pair of boots (worn)
 t - a +0 kite shield (worn)
 y - a +0 cloak (worn)
 B - +0 acid dragon scales (worn)
Jewellery
 j - an amulet of guardian spirit (around neck)
 r - a ring of wizardry
 E - a +4 ring of protection (left hand)
Wands
 d - a wand of polymorph (7)
 x - a wand of flame (26)
Scrolls
 a - a scroll of enchant weapon
 c - a scroll of blinking {unknown}
 k - 2 scrolls of fear
 n - 3 scrolls of revelation
 o - a scroll of brand weapon {unknown}
 p - a scroll of enchant armour
 s - a scroll of vulnerability
 u - 6 scrolls of teleportation
 A - a scroll of poison
 D - 2 scrolls of torment {unknown}
 G - a scroll of silence {unknown}
Potions
 b - a potion of degeneration
 e - 4 potions of heal wounds
 f - a potion of resistance
 g - a potion of brilliance {unknown}
 i - 3 potions of curing
 l - a potion of lignification {unknown}
 q - 2 potions of cancellation {unknown}
 v - 2 potions of invisibility {unknown}
 w - 2 potions of mutation {unknown}
 z - 4 potions of attraction {unknown}
 H - 2 potions of might {unknown}


   Skills:
 + Level 10.3 Fighting
 + Level 10.2 Long Blades
 + Level 9.0 Armour
 + Level 9.3 Dodging
 + Level 8.9 Shields
 * Level 5.7 Invocations


You had 10 spell levels left.
You didn't know any spells.
Your spell library contained the following spells:

 Spells                   Type           Power      Damage    Failure   Level
 Freeze                   Ice            0%         1d3       87%         1
 Frozen Ramparts          Ice            0%         1d1       99%         3
 Hailstorm                Conj/Ice       0%         3d3       99%         3
 Stone Arrow              Conj/Erth      0%         3d7       99%         3
 Lehudib's Crystal Spear  Conj/Erth      0%         10d2      100%        8
 Animate Armour           Summ/Erth      Unusable   N/A       N/A         4

Dungeon Overview and Level Annotations

Branches:
Dungeon (12/15)            Temple (0/1) D:5            Lair (0/5) D:10
    Orc: D:9-12

Altars:
Dithmenos
Elyvilon
Okawaru

Annotations:
D:12 Jorgrun


Innate Abilities, Weirdness & Mutations

You have a pair of horns on your head.
You reflexively headbutt those who attack you in melee.


Message History

Jorgrun is severely wounded.
Jorgrun hits you with a +0 heavy quarterstaff!
* * * LOW HITPOINT WARNING * * *
The grasping roots constrict you!
* * * LOW HITPOINT WARNING * * *
Okay, then.
You feel much better. Jorgrun gestures at you while chanting.
You are slowing down.
The grasping roots constrict you!
Unknown command.
Unknown command.
Unknown command.
Unknown command.
Okay, then.
Okay, then.
Okay, then.
You feel much better. Jorgrun hits you but does no damage.
The grasping roots constrict you!
Your limbs are stiffening.
You barely miss Jorgrun. Your headbutt misses Jorgrun.
Jorgrun is almost dead.
Jorgrun hits you with a +0 heavy quarterstaff!
The grasping roots constrict you!
You have turned to stone.
The grasping roots release their grip on you.
Jorgrun gestures at you while chanting.
Roots burst forth from the earth!
The grasping roots grab you! The grasping roots constrict you.
Jorgrun casts a spell at you. The iron shot hits you!!!
* * * LOW HITPOINT WARNING * * *
The grasping roots constrict you!
* * * LOW HITPOINT WARNING * * *
Jorgrun hits you with a +0 heavy quarterstaff.
* * * LOW HITPOINT WARNING * * *
The grasping roots constrict you!
* * * LOW HITPOINT WARNING * * *
Jorgrun casts a spell at you. The iron shot hits you!!!
You die...

. ##. #..
.#######.#######
................
................
................
.......g@.......
.......÷<.......
.....#..........
...# #..........
.. #..........
#..........
##.........
###..)....
##.....


You could see Jorgrun (very poisoned).

Vanquished Creatures
  Gastronok (D:8)
  A boulder beetle (D:11)
  Lodul (D:11)
  A cyclops (D:11)
  An unseen horror (D:10)
  A gargoyle (D:11)
  A komodo dragon (D:10)
  Jeremiah (D:6)
  A kobold demonologist (D:11)
  A hornet (D:10)
  2 dream sheep (D:11)
  Sigmund (D:6)
  A spriggan (D:9)
  A wraith (D:11)
  6 yaks
  A wyvern (D:8)
  2 steam dragons
  2 acid dragons
  4 orc warriors
  A sky beast (D:7)
  A black bear (D:6)
  2 ice beasts
  3 centaurs
  8 ogres
  A gnoll sergeant (D:9)
  2 kobold brigands
  2 bullfrogs
  2 scorpions (D:6)
  18 wights
  13 killer bees
  3 howler monkeys (D:8)
  2 gnoll boudas
  2 jellies (D:6)
  5 hounds
  5 orc priests
  Crazy Yiuf (D:3)
  2 iguanas
  3 sleepcaps
  13 orc wizards
  Robin (D:2)
  4 adders
  6 gnolls
  3 white imps
  2 ufetubi (D:4)
  A worm (D:5)
  34 orcs
  2 bats
  5 endoplasms
  3 giant cockroaches
  14 goblins
  7 hobgoblins
  5 quokkas
  A ball python (D:3)
  2 frilled lizards
  19 kobolds
  7 rats
235 creatures vanquished.

Notes
Turn   | Place    | Note
-------+----------+-------------------------------------------
     0 | D:1      | Anon1729 the Minotaur Monk began the quest for the Orb.
     0 | D:1      | Reached XP level 1. HP: 19/19 MP: 0/0
   180 | D:1      | Found an iron altar of Okawaru.
   190 | D:1      | Reached XP level 2. HP: 17/27 MP: 1/1
   785 | D:1      | Became a worshipper of Warmaster Okawaru
   785 | D:1      | Reached * piety under Okawaru
   785 | D:1      | Reached ** piety under Okawaru
   821 | D:2      | Noticed Robin
   832 | D:2      | Reached XP level 3. HP: 19/33 MP: 0/2
   841 | D:2      | Killed Robin
  1564 | D:3      | Reached XP level 4. HP: 37/41 MP: 1/3
  2182 | D:3      | Identified the +7 hammer "Reystuwn" {freeze, Str+3 Dex+2}
  2186 | D:3      | Found a runed translucent door.
  2187 | D:3      | Noticed Crazy Yiuf
  2544 | D:3      | Killed Crazy Yiuf
  2545 | D:3      | Reached skill level 1 in Armour
  2792 | D:4      | Reached skill level 1 in Shields
  2803 | D:4      | Reached XP level 5. HP: 28/47 MP: 4/4
  2968 | D:4      | Found a shadowy altar of Dithmenos.
  2968 | D:4      | Found a white marble altar of Elyvilon.
  3238 | D:5      | Entered Level 5 of the Dungeon
  3244 | D:5      | Found a staircase to the Ecumenical Temple.
  3251 | D:5      | Noticed an ogre
  3261 | D:5      | Killed an ogre
  3262 | D:5      | Reached skill level 5 in Fighting
  3262 | D:5      | Reached skill level 5 in Long Blades
  3399 | D:5      | Reached XP level 6. HP: 30/56 MP: 1/5
  3429 | D:5      | Reached *** piety under Okawaru
  3490 | D:5      | Reached skill level 5 in Dodging
  3641 | D:5      | Reached XP level 7. HP: 62/62 MP: 6/6
  3803 | D:5      | Identified the +3 battleaxe of Diet Blood {flame, Fly rPois
                  | Str+8 Dex-5}
  4068 | D:6      | Reached **** piety under Okawaru
  4091 | D:6      | Reached XP level 8. HP: 32/71 MP: 2/7
  4277 | D:6      | Noticed Sigmund
  4521 | D:6      | Killed Sigmund
  4522 | D:6      | Reached skill level 5 in Armour
  4525 | D:6      | Reached skill level 5 in Shields
  4557 | D:6      | Noticed Jeremiah
  4845 | D:6      | Killed Jeremiah
  5100 | D:6      | Reached ***** piety under Okawaru
  5122 | D:6      | Reached XP level 9. HP: 79/79 MP: 8/8
  6419 | D:8      | Received a gift from Okawaru
  7053 | D:9      | Reached XP level 10. HP: 90/90 MP: 9/9
  7355 | D:9      | Reached skill level 1 in Invocations
  7616 | D:9      | Noticed Gastronok
  7650 | D:8      | Killed Gastronok
  7783 | D:10     | Entered Level 10 of the Dungeon
  7851 | D:10     | Paralysed by a hornet for 1 turns
  7949 | D:10     | Received a gift from Okawaru
  8286 | D:10     | Found a staircase to the Lair.
  8886 | D:11     | Reached XP level 11. HP: 88/99 MP: 11/13
  9248 | D:11     | Noticed Lodul
  9273 | D:11     | Reached skill level 10 in Fighting
  9275 | D:11     | Received a gift from Okawaru
  9294 | D:11     | Killed Lodul
  9295 | D:11     | Reached skill level 10 in Long Blades
  9295 | D:11     | Reached skill level 5 in Invocations
  9946 | D:11     | Noticed a boulder beetle
  9959 | D:11     | Killed a boulder beetle
 10195 | D:12     | Noticed Jorgrun
 10228 | D:12     | Killed from afar by Jorgrun

Illustrated notes

Levels and vault maps discovered:
D:1:      dpeg_arrival_water_fire, layout_rooms, minmay_hexomino_r4
D:2:      layout_basic, uniq_robin
D:3:      layout_basic, minmay_goblin_kobold_house, uniq_crazy_yiuf_cottage
D:4:      layout_rooms, gammafunk_temple_overflow_statue
D:5:      layout_rooms, minmay_temple_entry_crystal_x
D:6:      layout_loops_ring, grunt_ministairs_13, uniq_sigmund, uniq_jeremiah
D:7:      layout_loops_ring
D:8:      layout_basic
D:9:      layout_small_grid, the_hattery, uniq_gastronok
D:10:     layout_stronghold, david_lair_shrubbed,
          serial_library_regret_index_multi
D:11:     layout_irregular_city, dreamdust_gnoll_shepherd, uniq_lodul
D:12:     layout_cave_pods, hiddenorc2_lemuel, uniq_jorgrun, uniq_rupert

Skill      XL: |  1  2  3  4  5  6  7  8  9 10 11 |
---------------+----------------------------------+-----
Fighting       | 4 5 6 7 8 9 10 | 10.3
Long Blades    | 4 5 6 7 8 9 10 | 10.2
Dodging        | 4 5 6 8 9 |  9.3
Armour         | 1 2 3 4 5 7 8 9 |  9.0
Shields        | 1 2 3 4 5 7 8 |  8.9
Invocations    | 4 5 |  5.7

Action                     |  1- 3 |  4- 6 |  7- 9 | 10-12 || total
---------------------------+-------+-------+-------+-------++-------
  Melee: Falchion          |    61 |   123 |    18 |       ||   202
         Headbutt          |     9 |    30 |    71 |    61 ||   171
         Scimitar          |       |       |   291 |   283 ||   574
 Invoke: Heroism           |       |     1 |       |     2 ||     3
  Evoke: Wand              |       |       |     4 |     1 ||     5
    Use: Scroll            |       |     4 |     1 |     4 ||     9
         Potion            |       |     1 |     1 |     6 ||     8
   Stab: Sleeping          |     1 |       |       |     1 ||     2
 Armour: Robe              |    34 |    30 |       |       ||    64
         Acid dragon scale |       |    36 |   209 |   206 ||   451
  Dodge: Dodged            |    48 |    72 |   169 |   183 ||   472
  Block: Kite shield       |     2 |    57 |   172 |   202 ||   433

Table legend: (Time is in decaauts)
 A = Elapsed time spent in this place.
 B = Non-inter-level travel time spent in this place.
 C = Inter-level travel time spent in this place.
 D = Time resting spent in this place.
 E = Time spent auto-exploring this place.
 F = Levels seen in this place.
 G = Mean time per level.
                   A        B        C        D        E       F      G
               +--------+--------+--------+--------+--------+-----+--------+
         Total |  10402 |   9823 |    579 |    984 |   7092 |  12 |  866.8 |
       Dungeon |  10402 |   9823 |    579 |    984 |   7092 |  12 |  866.8 |
               +--------+--------+--------+--------+--------+-----+--------+

Top non-repeatable levels by time:
     D:5: 1191 daAuts
     D:6: 1184 daAuts
    D:11: 1174 daAuts
     D:3: 1170 daAuts
    D:10: 1049 daAuts
     D:1: 800 daAuts
     D:7: 794 daAuts
     D:9: 777 daAuts
     D:2: 744 daAuts
     D:8: 727 daAuts
     D:4: 544 daAuts
    D:12: 244 daAuts
